 Dungeon Crawl Stone Soup version 0.22-a0-609-gfedc9ff (webtiles) character file.

6215 Hebeh the Arsonist (level 10, -2/54 (55) HPs)
             Began as a Deep Elf Fire Elementalist on July 10, 2018.
             Was an Elder of Vehumet.
             Slain by a yak (15 damage)
             ... on level 9 of the Dungeon.
             The game lasted 01:43:31 (13456 turns).

Hebeh the Arsonist (Deep Elf Fire Elementalist)    Turns: 13456, Time: 01:43:32

HP:   -2/54 (55)    AC:  8    Str:  6    XL:     10   Next: 61%
MP:   30/34         EV: 15    Int: 27    God:    Vehumet [****..]
Gold: 508           SH:  0    Dex: 15    Spells: 7/28 levels left

rFire    . . .     SeeInvis .   a - +3 short sword (venom)
rCold    . . .     Gourm    .   (no shield)
rNeg     . . .     Faith    .   f - +0 robe
rPois    .         Spirit   .   (no helmet)
rElec    .         Reflect  .   z - +0 cloak
rCorr    .         Harm     .   (no gloves)
MR       +....                  y - +0 pair of boots of the Game of Kings {Int+4}
Stlth    ++........             (no amulet)
HPRegen  0.18/turn              e - +4 ring of protection
MPRegen  0.24/turn              u - ring of magical power

@: no status effects
A: no striking features
a: Renounce Religion


You were on level 9 of the Dungeon.
You worshipped Vehumet.
Vehumet was greatly pleased with you.
You were not hungry.

You visited 1 branch of the dungeon, and saw 9 of its levels.

You collected 508 gold pieces.

Inventory:

Hand Weapons
 a - a +3 short sword of venom (weapon)
 b - a +0 hunting sling
 v - a +1 short sword of draining
Missiles
 g - 249 stones
 k - 109 sling bullets
 D - 2 throwing nets
 G - 7 tomahawks (quivered)
Armour
 f - a +0 robe (worn)
 p - a +3 buckler
 y - the +0 pair of boots of the Game of Kings (worn) {Int+4}
   (You found it on level 4 of the Dungeon)

   It affects your intelligence (+4).
 z - a +0 cloak (worn)
Jewellery
 e - a +4 ring of protection (left hand)
 u - a ring of magical power (right hand)
 F - a +6 ring of strength
Wands
 d - a wand of clouds (4)
 o - a wand of iceblast (9)
 A - a wand of acid (5)
Scrolls
 h - a scroll of remove curse
 i - 6 scrolls of identify
 t - 6 scrolls of teleportation
 w - 2 scrolls of blinking
 x - 2 scrolls of amnesia
 E - a scroll of enchant weapon
Potions
 j - 2 potions of invisibility
 l - 2 potions of lignification
 m - a potion of heal wounds {unknown}
 n - 2 potions of haste
 q - 9 potions of curing
 r - a potion of degeneration {unknown}
 s - 4 potions of berserk rage
 B - a potion of flight {unknown}
 C - a potion of agility {unknown}
Comestibles
 c - 19 rations


   Skills:
 + Level 2.9 Fighting
 + Level 5.0 Dodging
 - Level 2.4 Stealth
 + Level 9.7 Spellcasting
 * Level 9.9 Conjurations
 * Level 10.3 Fire Magic
 + Level 4.2 Air Magic


You had 7 spell levels left.
You knew the following spells:

 Your Spells              Type           Power        Failure   Level  Hunger
a - Flame Tongue          Conj/Fire      #####        1%          1    None
b - Throw Flame           Conj/Fire      ######       1%          2    None
c - Conjure Flame         Conj/Fire      ######..     1%          3    None
d - Shock                 Conj/Air       ####         1%          1    None
e - Inner Flame           Hex/Fire       #####...     1%          3    None
f - Sticky Flame          Conj/Fire      ######..     1%          4    None
g - Fireball              Conj/Fire      ######....   1%          5    ####...
h - Searing Ray           Conj           ######       1%          2    None

Your spell library contained the following spells:

 Spells                   Type           Power        Failure   Level  Hunger


Dungeon Overview and Level Annotations

Branches:
Dungeon (9/15)             Temple (0/1) D:6            Lair (0/6) D:9
    Orc: D:9-12

Altars:
Ashenzari
Gozag
Hepliaklqana
Makhleb
Nemelex Xobeh
Ru
Sif Muna
Trog
Vehumet
Xom
Yredelemnul
Zin
Beogh

Shops:
D:8 *

Annotations:
D:4 1 runed door, TheNamelessOne's ghost, amateur HuAK
D:5 2 transporters


Message History

Aim: a yak (lightly wounded)
The flame tongue hits the yak.
The yak is severely wounded.
The yak barely misses you.
Casting: Flame Tongue (safe; 1% risk of failure)
Confirm with . or Enter, or press ? or * to list all spells.
Aiming: Flame Tongue (safe; 1% risk of failure)
Press: ? - help, Shift-Dir - straight line, f/p - yak
Aim: a yak (lightly wounded)
The flame tongue hits the yak.
The yak is almost dead.
Casting: Flame Tongue (safe; 1% risk of failure)
Confirm with . or Enter, or press ? or * to list all spells.
Aiming: Flame Tongue (safe; 1% risk of failure)
Press: ? - help, Shift-Dir - straight line, f/p - yak
Aim: a yak (lightly wounded)
The flame tongue hits the yak.
The yak appears unharmed.
The yak is lightly wounded.
The yak gores you!
You die...

#......).)#.....#....##..
#..##.[...#.....#....##..
..##..>..#.....#........
#......#.....#...[....
#......#.....#....##..
#......#.....#....##..
##...Y.#.....#....#...
#..#####Y##.....#....#...
#..##..Y@.#.....#....##..
#..#......#.....#....####
#..#......#.....#........
#..#......#.....#........
#..##.....#.....#........
#..##.....#.....#........
#..##.....+.....#########
#.........#..........##..
#.........#..........#...


You could see 3 yaks.

Vanquished Creatures
  Pikel (D:6)
  Joseph (D:8)
  Maurice (D:8)
  Prince Ribbit (D:8)
  A hippogriff (D:7)
  2 wyverns (D:8)
  A yak (D:9)
  2 hell hounds (D:9)
  4 orc warriors (D:8)
  4 phantoms
  A sky beast (D:9)
  2 slaves (D:6)
  A necrophage (D:7)
  3 ice beasts
  2 ogres
  3 centaurs
  2 big kobolds
  2 bullfrogs
  19 killer bees
  3 scorpions
  5 crimson imps
  5 hounds
  3 orc priests
  2 jellies
  3 orc wizards
  A bullfrog skeleton (D:9)
  3 iguanas
  Ijyb (D:5)
  10 worker ants
  A hound skeleton (D:7)
  A worker ant zombie (D:8)
  4 gnolls (D:2)
  A howler monkey skeleton (D:5)
  10 adders
  A shadow imp (D:5)
  An ooze (D:6)
  2 adder zombies
  An adder skeleton (D:3)
  A worm (D:3)
  6 dart slugs
  5 leopard geckos
  52 orcs
  3 ball pythons (D:2)
  8 giant cockroaches
  7 goblins
  6 hobgoblins
  4 jackals (D:2)
  20 kobolds
  5 quokkas
  10 bats
  6 frilled lizards
  A jackal skeleton (D:8)
  A jackal zombie (D:6)
  A quokka skeleton (D:9)
  5 rats
252 creatures vanquished.

Vanquished Creatures (others)
  An orc wizard (D:6)
  An orc (D:6)
2 creatures vanquished.

Grand Total: 254 creatures vanquished

Notes
Turn   | Place    | Note
-------+----------+-------------------------------------------
     0 | D:1      | Hebeh the Deep Elf Fire Elementalist began the quest for the Orb.
     0 | D:1      | Reached XP level 1. HP: 10/10 MP: 6/6
   147 | D:1      | Reached XP level 2. HP: 15/15 MP: 2/8
   680 | D:1      | Reached XP level 3. HP: 19/19 MP: 8/10
   894 | D:2      | Found a deep blue altar of Sif Muna.
   925 | D:2      | Reached skill level 4 in Fire Magic
   958 | D:2      | Learned a level 2 spell: Throw Flame
   967 | D:2      | You fall through a shaft for 2 floors!
  1335 | D:2      | Learned a level 3 spell: Conjure Flame
  1388 | D:2      | Reached XP level 4. HP: 17/24 MP: 1/12
  2100 | D:2      | Reached XP level 5. HP: 28/28 MP: 11/14
  2221 | D:2      | Found a sparkling altar of Nemelex Xobeh.
  2221 | D:2      | Found a burning altar of Makhleb.
  2863 | D:3      | Reached skill level 5 in Spellcasting
  3617 | D:3      | Found a faded altar of an unknown god.
  3617 | D:3      | Found a shattered altar of Ashenzari.
  3622 | D:3      | Found a radiant altar of Vehumet.
  3624 | D:3      | Found a faded altar of an unknown god.
  3626 | D:3      | Found a basalt altar of Yredelemnul.
  3631 | D:3      | Became a worshipper of Vehumet
  3736 | D:4      | Found a runed door.
  3736 | D:4      | Noticed TheNamelessOne's ghost (amateur HuAK)
  3804 | D:4      | Got a pair of smoking boots
  3810 | D:4      | Identified the cursed +0 pair of boots of the Game of Kings {Int+4} (You found it on level 4 of the Dungeon)
  4080 | D:4      | Reached skill level 5 in Fire Magic
  4080 | D:4      | Reached XP level 6. HP: 32/32 MP: 16/16
  4563 | D:5      | Entered Level 5 of the Dungeon
  4887 | D:5      | Found a transporter.
  5034 | D:5      | Noticed Ijyb
  5041 | D:5      | Killed Ijyb
  5095 | D:5      | Found an opulent altar of Gozag.
  5117 | D:5      | Noticed an ice beast
  5120 | D:5      | Killed an ice beast
  5120 | D:5      | Reached XP level 7. HP: 22/36 MP: 18/18
  5244 | D:5      | Found a glowing silver altar of Zin.
  5396 | D:5      | Reached skill level 5 in Conjurations
  5517 | D:5      | Found a transporter.
  5635 | D:6      | Reached skill level 6 in Fire Magic
  5709 | D:6      | Reached * piety under Vehumet
  5709 | D:6      | Offered knowledge of Shock by Vehumet.
  5812 | D:6      | Learned a level 1 spell: Shock
  5911 | D:6      | Found a bloodstained altar of Trog.
  6107 | D:6      | Noticed Pikel
  6218 | D:6      | Killed Pikel
  6218 | D:6      | Reached skill level 7 in Fire Magic
  6218 | D:6      | Reached XP level 8. HP: 23/41 MP: 20/21
  6382 | D:6      | Learned a level 3 spell: Inner Flame
  6387 | D:6      | Learned a level 4 spell: Sticky Flame
  6393 | D:6      | Learned a level 5 spell: Fireball
  6524 | D:6      | Found a staircase to the Ecumenical Temple.
  6965 | D:7      | Reached skill level 1 in Air Magic
  7391 | D:7      | Reached skill level 8 in Fire Magic
  7511 | D:7      | Offered knowledge of Sting by Vehumet.
  7533 | D:7      | Reached ** piety under Vehumet
  7716 | D:7      | Reached XP level 9. HP: 44/44 MP: 23/23
  7748 | D:7      | Found a burning altar of Makhleb.
  8274 | D:7      | Found a sacrificial altar of Ru.
  8274 | D:7      | Found a hazy altar of Hepliaklqana.
  8632 | D:8      | Noticed Maurice
  8643 | D:8      | Killed Maurice
  8643 | D:8      | Reached skill level 1 in Fighting
  8643 | D:8      | Reached skill level 9 in Fire Magic
  8775 | D:8      | Found a roughly hewn altar of Beogh.
  8781 | D:8      | Offered knowledge of Searing Ray by Vehumet.
  8789 | D:8      | Reached *** piety under Vehumet
  8925 | D:8      | Found Ciator's General Store.
  9185 | D:8      | Learned a level 2 spell: Searing Ray
  9352 | D:8      | Noticed Joseph
  9366 | D:8      | Killed Joseph
  9412 | D:8      | Offered knowledge of Ignite Poison by Vehumet.
  9615 | D:8      | Reached XP level 10. HP: 42/52 MP: 23/25
 10855 | D:8      | Noticed Prince Ribbit
 10863 | D:8      | Killed Prince Ribbit
 10863 | D:8      | Reached skill level 10 in Fire Magic
 11606 | D:9      | Found a shimmering altar of Xom.
 11838 | D:9      | Reached **** piety under Vehumet
 12192 | D:9      | Found a staircase to the Lair.
 13430 | D:9      | Reached skill level 5 in Dodging
 13456 | D:9      | Slain by a yak

Vault maps used:
D:1:      minmay_arrival_widening_spiral_wide
D:2:      gammafunk_temple_overflow_elements, old_standard_altar
D:3:      chequers_temple_overflow_minitemple
D:4:      ebering_ghost_sewer_d, serial_glass, glass_columns_a, glass_columns_a
D:5:      gammafunk_wand_slinger, grunt_gozag_statues, marbit_many_paths,
          first_ration, uniq_ijyb
D:6:      minmay_temple_entry_grid, minivault_4, st_stairs_1,
          trog_three_pillars_becter, uniq_pikel
D:7:      amethyst_overflow_temple_binary, makhleb_blood_cavern_becter
D:8:      special_room, serial_shops, kennysheep_little_box, david_nohive_1,
          uniq_joseph, uniq_prince_ribbit1, uniq_maurice
D:9:      minmay_lair_entry_lava, basic_altar

Skill      XL: |  1  2  3  4  5  6  7  8  9 10 |
---------------+-------------------------------+-----
Conjurations   | 2 3 4 6 7 9 |  9.9
Spellcasting   | 4 5 6 7 8 9 |  9.7
Fire Magic     | 4 5 7 8 9 10 | 10.3
Air Magic      | 1 3 4 |  4.2
Fighting       | 2 |  2.9
Dodging        | 3 5 |  5.0
Stealth        | |  2.4

Action                   |  1- 3 |  4- 6 |  7- 9 | 10-12 || total
-------------------------+-------+-------+-------+-------++-------
Melee: Short sword       |     5 |    12 |    25 |       ||    42
Throw: Stone             |    39 |       |       |       ||    39
 Cast: Flame Tongue      |    62 |    76 |   184 |   137 ||   459
       Throw Flame       |     1 |    57 |     5 |     7 ||    70
       Conjure Flame     |     1 |     2 |    10 |     6 ||    19
       Shock             |       |       |    74 |    43 ||   117
       Fireball          |       |       |     7 |     3 ||    10
       Inner Flame       |       |       |     3 |       ||     3
       Sticky Flame      |       |       |     1 |     1 ||     2
       Searing Ray       |       |       |       |     1 ||     1
  Use: Scroll            |       |    10 |     8 |     3 ||    21
  Eat: Chunk             |     1 |    12 |     7 |     4 ||    24
       Ration            |       |       |     2 |     3 ||     5
Armor: Robe              |     5 |     7 |    35 |    20 ||    67
Dodge: Dodged            |    16 |    21 |    81 |    73 ||   191

Table legend:
 A = Spawn XP
 B = Non-spawn XP
 C = Spawn XP percentage of total XP
 D = Spawn monster count
 E = Non-spawn monster count
 F = Spawn count percentage of total count
 G = Total turns spent on level
                    A         B        C        D         E        F      G
               +---------+---------+-------+---------+---------+-------+---------
         Total |       0 |    8879 |   0.0 |       0 |     252 |   0.0 | 13456
               +---------+---------+-------+---------+---------+-------+---------
           D:1 |       0 |      46 |   0.0 |       0 |      26 |   0.0 |   777
           D:2 |       0 |     160 |   0.0 |       0 |      32 |   0.0 |  1249
           D:3 |       0 |     102 |   0.0 |       0 |      25 |   0.0 |  1332
           D:4 |       0 |      88 |   0.0 |       0 |       6 |   0.0 |  1205
           D:5 |       0 |     515 |   0.0 |       0 |      18 |   0.0 |  1059
           D:6 |       0 |    1205 |   0.0 |       0 |      25 |   0.0 |  1337
           D:7 |       0 |    1090 |   0.0 |       0 |      32 |   0.0 |  1485
           D:8 |       0 |    4042 |   0.0 |       0 |      68 |   0.0 |  3097
           D:9 |       0 |    1631 |   0.0 |       0 |      20 |   0.0 |  1915
               +---------+---------+-------+---------+---------+-------+---------
